 Dungeon Crawl Stone Soup version 0.29-a0-275-g389c0b56f3 (webtiles) character file.

Game seed: 17079014303725280598

59 kae the Ruffian (level 3, -2/28 HPs)
             Began as a Draconian Transmuter on Mar 10, 2022.
             Slain by an ogre
             ... wielding a +0 giant club
              (15 damage)
             ... on level 3 of the Dungeon.
             The game lasted 00:01:39 (2445 turns).

kae the Ruffian (Draconian Transmuter)              Turns: 2445, Time: 00:01:40

Health: -2/28      AC:  5    Str: 18    XL:     3   Next: 78%
Magic:  5/6        EV: 16    Int: 15    God:
Gold:   45         SH:  0    Dex: 11    Spells: 2/6 levels left

rFire   . . .      SeeInvis .     - Unarmed
rCold   . . .      Faith    .   (no shield)
rNeg    . . .      Spirit   .   (body armour unavailable)
rPois   .          Reflect  .   (helmet currently unavailable)
rElec   .          Harm     .   (no cloak)
rCorr   .          Rampage  .   (no gloves)
Will    .....                   (boots currently unavailable)
Stlth   +.........              (no amulet)
HPRegen 0.09/turn               b - +4 ring of evasion
MPRegen 0.10/turn               c - +6 ring of strength

@: appendages (expiring)
A: horns 2, talons 2, AC +5, unfitting armour, cold-blooded
a: End Transformation


You were on level 3 of the Dungeon.
You had temporarily grown beastly horns and talons.
You visited 1 branch of the dungeon, and saw 3 of its levels.

You collected 45 gold pieces.

Inventory:

Jewellery
 b - a +4 ring of evasion (left hand)
 c - a +6 ring of strength (right hand)
 d - a ring of willpower
 e - a +4 ring of evasion
 g - a +6 ring of strength
 h - a ring of positive energy
 m - a ring of magical power
Scrolls
 f - 5 scrolls of identify
 k - a scroll of immolation {unknown}
 l - a scroll of teleportation {unknown}
 n - a scroll of fear {unknown}
Potions
 a - 3 potions of lignification
 i - a potion of heal wounds
 j - a potion of haste {unknown}


   Skills:
 + Level 1.5 Fighting
 + Level 2.0 Dodging
 * Level 3.6 Unarmed Combat
 + Level 2.3 Spellcasting
 * Level 2.7 Transmutations
 * Level 0.8 Poison Magic


You had 2 spell levels left.
You knew the following spells:

 Your Spells              Type           Power      Damage    Failure   Level
a - Beastly Appendage     Tmut           18%        N/A       7%          1
b - Spider Form           Tmut/Pois      7%         N/A       30%         3

Your spell library contained the following spells:

 Spells                   Type           Power      Damage    Failure   Level
 Wereblood                Tmut           9%         N/A       11%         2
 Summon Small Mammal      Summ           4%         N/A       22%         1
 Call Canine Familiar     Summ           1%         N/A       54%         3
 Summon Guardian Golem    Hex/Summ       1%         N/A       54%         3
 Ice Form                 Ice/Tmut       5%         N/A       77%         4


Dungeon Overview and Level Annotations

Branches:
Dungeon (3/15)

Altars:

Shops:
D:1 *


Innate Abilities, Weirdness & Mutations

You have temporarily grown beastly horns and talons.
Your plain brown scales are hard. (AC +5)
You cannot fit into any form of body armour.
You are cold-blooded and may be slowed by cold attacks.


Message History

You hit the ufetubus. You headbutt the ufetubus.
You kill the ufetubus!
No target in view!
Magic restored.
Found a rapier.
Your transformation is almost over.
No target in view!
No target in view!
You see here a +0 dagger.
Your horns disappear.
Your talons disappear.
You now have 45 gold pieces (gained 16).
f - 5 scrolls of identify (gained 1)
Found a stone staircase leading down.
n - a scroll labelled XOEFYG QONGUO
There is a stone staircase leading down here.
An ogre comes into view. It is wielding a +0 giant club.
An ogre is nearby!
An ogre is nearby!
Casting: Beastly Appendage (safe; 7% risk of failure)
Confirm with . or Enter, or press ? or * to list all spells.
You grow a pair of large bovine horns.
Your feet morph into talons.
Your transformation is almost over.
The ogre closely misses you.
You barely miss the ogre. You barely miss the ogre.
The ogre hits you with a +0 giant club!
Ouch! That really hurt!
You are too injured to fight recklessly!
You are too injured to fight recklessly!
You are too injured to fight recklessly!
You are too injured to fight recklessly!
You punch the ogre! You claw the ogre!
The ogre is severely wounded.
The ogre barely misses you.
You punch the ogre!
The ogre is almost dead.
You barely miss the ogre. Your kick misses the ogre.
The ogre is almost dead.
The ogre hits you with a +0 giant club!
Ouch! That really hurt!
You die...

#####################
#..>.................
#...###########......
#...# #......
#...##### #......
#.......#### #######
#...@......#
#....O.....#
#..........#
#..........#
#...........
#...........
#..........#
#...........


You could see an ogre.

Vanquished Creatures
  An ufetubus (D:3)
  A worm (D:2)
  2 dart slugs
  5 endoplasms
  5 giant cockroaches
  4 goblins (D:1)
  4 hobgoblins
  6 kobolds
  3 quokkas
  4 ball pythons (D:1)
  6 frilled lizards
  3 rats (D:1)
  A spectral goblin (D:2)
45 creatures vanquished.

Notes
Turn   | Place    | Note
-------+----------+-------------------------------------------
     0 | D:1      | kae the Draconian Transmuter began the quest for the Orb.
     0 | D:1      | Reached XP level 1. HP: 16/16 MP: 3/3
   126 | D:1      | Found Itwaskay's General Store.
   587 | D:1      | Reached XP level 2. HP: 23/23 MP: 3/5
  1112 | D:1      | Reached XP level 3. HP: 26/28 MP: 4/6
  1117 | D:1      | Learned a level 3 spell: Spider Form
  1821 | D:2      | Found a faded altar of an unknown god.
  2436 | D:3      | Noticed an ogre
  2445 | D:3      | Slain by an ogre

Illustrated notes

Levels and vault maps discovered:
D:1:      amcnicky_arrival_blooded_trapdoor, layout_loops_ring, serial_shops,
          nicolae_shop_advertising_works [nicolae_subvault_shop_adworks]
D:2:      mumra_celtic_spiral_tile, layout_rooms,
          dreamdust_ecumenical_altar_drowned_temple, chequers_jeans,
          corner_web_ring, minmay_hexomino_f4
D:3:      layout_basic, ebering_ghost_sewer_d, dk_noncrumbling_3

Skill      XL: |  1  2  3 |
---------------+----------+-----
Dodging        | 2 |  2.0
Fighting       | |  1.5
Unarmed Combat | |  3.6
Spellcasting   | |  2.3
Transmutations | |  2.7
Poison Magic   | |  0.8

Action                   || total
-------------------------++-------
Melee: Unarmed           ||   138
       Kick              ||    15
       Tailslap          ||    12
       Headbutt          ||    10
       Punch             ||     1
 Cast: Beastly Appendage ||    24
  Use: Scroll            ||     2
 Stab: Sleeping          ||     1
Armor: Skin              ||    36
Dodge: Dodged            ||    91

Table legend: (Time is in decaauts)
 A = Elapsed time spent in this place.
 B = Non-inter-level travel time spent in this place.
 C = Inter-level travel time spent in this place.
 D = Time resting spent in this place.
 E = Time spent auto-exploring this place.
 F = Levels seen in this place.
 G = Mean time per level.
                   A        B        C        D        E       F      G
               +--------+--------+--------+--------+--------+-----+--------+
         Total |   2443 |   2357 |     86 |    103 |   1895 |   3 |  814.3 |
       Dungeon |   2443 |   2357 |     86 |    103 |   1895 |   3 |  814.3 |
               +--------+--------+--------+--------+--------+-----+--------+

Top non-repeatable levels by time:
     D:1: 1310 daAuts
     D:2: 1052 daAuts
     D:3: 80 daAuts
